 Dungeon Crawl Stone Soup version 0.19.0-9-gfd783f2 (webtiles) character file.

51 dobroeutro the Shooter (level 3, 0/29 HPs)
             Began as a Centaur Hunter on Nov 7, 2016.
             Slain by a giant cockroach (2 damage)
             ... on level 2 of the Dungeon.
             The game lasted 00:01:49 (1506 turns).

dobroeutro the Shooter (Centaur Hunter)             Turns: 1506, Time: 00:01:50

Health: 0/29       AC:  4    Str: 14    XL:     3   Next: 57%
Magic:  3/3        EV:  9    Int: 10    God:
Gold:   34         SH:  0    Dex: 10    Spells: 0 memorised, 2 levels left

rFire  . . .     SeeInvis .     b - +0 short sword
rCold  . . .     Gourm    .     c - +0 leather armour
rNeg   . . .     Faith    .     (no shield)
rPois  .         Spirit   .     (no helmet)
rElec  .         Reflect  .     (no cloak)
rCorr  .         Harm     .     (no gloves)
MR     .....                    (no barding)
Stlth  ..........               r - amulet of magic regeneration
                                (no ring)
                                j - ring of loudness (curse)

@: very quick
A: hooves 3, deformed body, speed 2, tough skin 3
a: no special abilities


You were on level 2 of the Dungeon.
You were very hungry.

You visited 1 branch of the dungeon, and saw 2 of its levels.

You collected 34 gold pieces.

Inventory:

Hand Weapons
 a - a +1 shortbow
 b - a +0 short sword (weapon)
Missiles
 d - 54 arrows
Armour
 c - a +0 leather armour (worn)
Jewellery
 j - a cursed ring of loudness (left hand)
 r - an amulet of magic regeneration (around neck)
Scrolls
 e - a scroll of random uselessness {unknown}
 g - 2 scrolls of teleportation {unknown}
 h - a scroll of fog {unknown}
 k - 2 scrolls of identify {unknown}
 p - a scroll of remove curse {unknown}
 q - a scroll of enchant armour {unknown}
Potions
 i - a potion of resistance {unknown}
 m - a potion of heal wounds
 n - 2 potions of cancellation {unknown}
 o - a potion of agility {unknown}
Comestibles
 f - 3 bread rations
 l - a slice of pizza


   Skills:
 - Level 2.0 Fighting
 + Level 7.1 Bows
 - Level 1.3 Dodging
 - Level 0.4 Stealth


You had 2 spell levels left.
You didn't know any spells.

Dungeon Overview and Level Annotations

Branches:
Dungeon (2/15)

Altars:


Innate Abilities, Weirdness & Mutations

You have hooves in place of feet.
Armour fits poorly on your strangely shaped body.
You cover ground very quickly.
You have extremely tough skin. (AC +3)


Message History

* * * LOW HITPOINT WARNING * * *
There is a stone staircase leading up here.
You hit the jackal. Your kick misses the jackal.
The jackal is almost dead.
The jackal completely misses you. The jackal barely misses you.
You hit the jackal.
You kill the jackal!
The giant cockroach bites you but does no damage.
You see here a jackal corpse.
You barely miss the giant cockroach.
You kick the giant cockroach, but do no damage.
The giant cockroach bites you but does no damage.
You closely miss the giant cockroach. The giant cockroach barely misses you.
The giant cockroach bites you but does no damage.
You hit the giant cockroach but do no damage.
The giant cockroach barely misses you.
You hit the giant cockroach.
The giant cockroach is severely wounded.
The giant cockroach bites you.
You die...

#.#.###..........
#.#.###...##>#.#
#.#........#.#.#####
...........#.#.#...#
...........#.# ...)+
...........#.###...#
...........#.#.....+
...........#.#.#...###
...........#.#.s@<..(#####.#
......###......#.##........#
........+..............#####
......###........#........<#
......# #.....#####...######
.######
####.#............... .
#.##.############# #.##.#
..##.#


You could see a giant cockroach.

Vanquished Creatures
  An adder (D:2)
  A worm (D:2)
  2 dart slugs
  3 giant cockroaches (D:1)
  2 goblins (D:1)
  2 hobgoblins (D:1)
  8 jackals
  A quokka (D:2)
  3 bats (D:1)
  2 frilled lizards (D:1)
  3 kobolds (D:1)
  3 rats
31 creatures vanquished.

Notes
Turn   | Place    | Note
-------+----------+-------------------------------------------
     0 | D:1      | dobroeutro the Centaur Hunter began the quest for the Orb.
     0 | D:1      | Reached XP level 1. HP: 17/17 MP: 1/1
   361 | D:1      | Reached XP level 2. HP: 14/24 MP: 2/2
   408 | D:1      | Reached skill level 6 in Bows
  1114 | D:2      | Reached XP level 3. HP: 22/29 MP: 3/3
  1463 | D:2      | Reached skill level 7 in Bows
  1472 | D:2      | HP: 1/29 [jackal (1)]
  1483 | D:2      | HP: 1/29 [jackal (1)]
  1506 | D:2      | Slain by a giant cockroach

Skill      XL: |  1  2  3 |
---------------+----------+-----
Bows           | 6 7 |  7.1
Fighting       | |  2.0
Dodging        | |  1.3
Stealth        | |  0.4

Action                   || total
-------------------------++-------
Melee: Short sword       ||   134
       Kick              ||    26
 Fire: Shortbow          ||     8
  Use: Potion            ||     1
Armor: Leather armour    ||    64
Dodge: Dodged            ||    74
